Map: Mundo Adormecido LE

Players

LowLinK

  • Race: Protoss Protoss
  • League: Diamond
  • Spawn Location: 7:00

pharmakill - Winner!

  • Race: Terran Terran
  • League: Diamond
  • Spawn Location: 1:00

VOD

Have the link to the VOD?

Description

Time

  • Played on: Feb. 20, 2020, 12:44 p.m.
  • Length: 8:54
Show
View Real Time Build Order
Export as new Build Order

LowLinK Protoss 

Build Orders:  

Get SALT Encoding   

  12  0:00  Probe  
  13  0:13  Probe  
  14  0:17  Pylon  
  14  0:25  Probe  
  15  0:35  Gateway  
  15  0:38  Probe (Chrono Boost)  
  16  0:47  Probe (Chrono Boost)  
  16  0:49  Assimilator  
  17  0:52  Probe (Chrono Boost)  
  18  0:57  Assimilator  
  19  1:04  Probe  
  19  1:16  Probe  
  20  1:23  Cybernetics Core  
  20  1:25  Pylon  
  20  1:28  Probe  
  21  1:40  Probe  
  22  1:52  Probe  
  22  1:53  Gateway  
  23  1:55  Warp Gate (Chrono Boost)  
  23  2:07  Stalker  
  24  2:16  Gateway  
  24  2:34  Gateway  
  24  2:37  Gateway  
  23  2:52  Pylon  
  24  2:58  Probe  
  24  3:10  Probe  
  24  3:11  Gateway  
  25  3:16  Pylon  
  25  3:19  Pylon  
  25  3:32  Sentry  
  25  3:33  Stalker x3  
  33  3:51  Stalker  
  35  3:58  Stalker  
  35  3:59  Stalker  
  35  4:02  Sentry  
  41  4:09  Stalker  
  36  4:34  Stalker x2  
  38  4:43  Stalker  
  38  5:09  Stalker x3  
  32  5:33  Stalker x3  
  34  5:40  Stalker  
  30  5:45  Sentry  
  32  5:57  Stalker  
  34  5:59  Stalker  
  36  6:06  Zealot  
  38  6:14  Adept  
  40  6:21  Stalker  
  42  6:29  Sentry  
  42  6:32  Zealot  
  34  7:02  Stalker x3  
  34  7:16  Stalker x2  
  38  7:28  Stalker  
  40  7:33  Zealot  
  42  7:42  Sentry  
  42  7:43  Zealot  
  46  7:53  Stalker  
  48  8:02  Stalker  
  50  8:10  Stalker  
  52  8:19  Stalker  
  36  8:38  Stalker  
  26  8:46  Stalker  
Show
View Real Time Build Order
Export as new Build Order

pharmakill Terran - Winner!

Build Orders:  

Get SALT Encoding   

  12  0:02  SCV  
  13  0:14  SCV  
  14  0:17  Supply Depot  
  14  0:26  SCV  
  15  0:40  SCV, Barracks  
  16  0:45  Refinery  
  16  0:52  SCV  
  18  1:04  SCV  
  18  1:16  SCV  
  19  1:28  SCV  
  19  1:30  Reaper  
  21  1:40  Orbital Command  
  21  1:51  Command Center  
  21  2:01  Supply Depot  
  21  2:08  SCV  
  22  2:14  Barracks Reactor, Refinery  
  22  2:20  SCV  
  23  2:26  Factory  
  23  2:32  SCV  
  25  2:44  SCV  
  25  2:51  Marine  
  25  2:52  Marine  
  26  3:02  SCV  
  27  3:07  Bunker  
  27  3:08  Orbital Command  
  27  3:09  Marine x2  
  29  3:14  SCV  
  29  3:16  Starport  
  30  3:20  Factory Tech Lab  
  30  3:26  SCV  
  31  3:27  Marine x2  
  33  3:37  SCV  
  33  3:38  SCV  
  35  3:42  Siege Tank  
  35  3:45  Marine x2  
  40  3:49  SCV, Supply Depot  
  40  3:54  Medivac  
  43  3:57  SCV  
  43  4:01  SCV  
  45  4:03  Marine  
  46  4:10  Marine  
  46  4:11  SCV  
  46  4:12  Supply Depot  
  46  4:13  SCV  
  46  4:15  Engineering Bay  
  49  4:20  Marine  
  47  4:30  Marine  
  43  4:31  Siege Tank  
  43  4:36  SCV x2  
  47  4:42  Marine  
  45  4:48  SCV x2, Marine  
  45  4:52  Barracks  
  42  5:00  Marine  
  42  5:04  SCV  
  42  5:05  SCV  
  42  5:06  Marine  
  40  5:16  SCV  
  40  5:17  SCV  
  41  5:22  Marine  
  41  5:24  Marine  
  36  5:29  SCV x2  
  34  5:41  SCV  
  32  5:47  SCV  
  33  5:51  Barracks Tech Lab  
  33  5:53  SCV  
  33  5:54  Marine  
  33  5:55  Marine  
  36  5:59  SCV  
  36  6:03  Siege Tank  
  40  6:05  SCV  
  40  6:06  Medivac  
  40  6:11  Marine, SCV  
  44  6:12  Stimpack  
  44  6:17  SCV  
  46  6:19  Marine x2  
  46  6:23  SCV  
  49  6:29  SCV  
  50  6:33  Marine  
  50  6:35  SCV  
  50  6:36  Siege Tank  
  50  6:37  Marine x2  
  50  6:39  Starport Reactor  
  57  6:41  SCV  
  53  6:48  SCV  
  53  6:52  Marine  
  47  6:55  Marine x2  
  45  7:08  Siege Tank  
  47  7:10  Marine  
  47  7:13  Marine x2  
  47  7:18  SCV  
  48  7:25  SCV  
  48  7:27  Medivac  
  51  7:31  Marine x2, SCV  
  51  7:37  SCV, Marauder  
  56  7:40  Siege Tank  
  56  7:41  Medivac  
  62  7:49  Supply Depot  
  62  8:10  Marine x3, SCV x2  
  62  8:12  Supply Depot  
  67  8:14  Supply Depot  
  67  8:16  Engineering Bay  
  67  8:22  SCV x2  
  69  8:28  Marine x3  
  64  8:34  SCV x2  
  67  8:49  Refinery  
  67  8:50  Refinery  
Tags
 
Add a new tag
Caveats
  • Supply blocks, unpowered buildings, or Contaminate may cause inaccurate times.
  • Supply counts are checked every 10 seconds.